 Dungeon Crawl Stone Soup version 0.31-a0-460-g9e667d4245 (webtiles) character file.

Game seed: 16077237343308220575

5310 Xavori the Carver (level 10, 0/51 HPs)
             Began as a Vine Stalker Chaos Knight on Aug 4, 2023.
             Was a Plaything of Xom.
             Slain by a hellwing (2 damage)
             ... summoned by Xom
             ... on level 9 of the Dungeon.
             The game lasted 00:09:03 (9475 turns).

Xavori the Carver (Vine Stalker Chaos Knight)       Turns: 9475, Time: 00:09:03

Health: 0/51       AC: 18    Str: 16    XL:     10   Next: 64%
Magic:  0/28       EV:  9    Int: 11    God:    Xom [......]
Gold:   2333       SH:  0    Dex: 26    Spells: 20/20 levels left

rFire   . . .        j - +10 triple sword of Curov {venom, rPois SInv}
rCold   + . .        (shield currently unavailable)
rNeg    . . .        x - +1 storm dragon scales
rPois   +            (helmet restricted)
rElec   +            (no cloak)
rCorr   .            g - +2 pair of gloves
SInv    +            (no boots)
Will    +....        (no amulet)
Stlth   +            o - ring of magical power
HPRegen 1.08/turn    I - +6 ring of dexterity
MPRegen 0.21/turn

%: guardian spirit
@: unable to drink
A: fangs 3, regeneration 1, magic shield, antimagic bite, no potion heal 2,
horns 2, talons 2, iridescent scales 1, agile 1, cold resistance 1, poison
resistance, shaggy fur 1, evolution 1, inability to drink after injury 1,
MP-powered wands, sturdy frame 1
a: Renounce Religion


You were on level 9 of the Dungeon.
You worshipped Xom.
You were a very special plaything of Xom.
You visited 1 branch of the dungeon, and saw 9 of its levels.
You also visited: Ossuary.

You collected 3724 gold pieces.
You spent 1391 gold pieces at shops.

Inventory:

Hand Weapons
 a - a +0 vampiric falchion
 j - the +10 triple sword of Curov (weapon) {venom, rPois SInv}
   (Xom gifted it to you on level 1 of the Dungeon)

   rPois:     It protects you from poison.
   SInv:      It lets you see invisible.
Missiles
 p - 6 curare-tipped darts
 q - a throwing net
Armour
 b - a +2 leather armour
 g - a +2 pair of gloves (worn)
 x - +1 storm dragon scales (worn)
Jewellery
 m - a ring of resist corrosion
 o - a ring of magical power (left hand)
 u - the ring "Veffem" {Drain rF+ rN+ Int+4}
   (You found it on level 5 of the Dungeon)

   [ring of protection from fire]

   Int:       It affects your intelligence (+4).
   rF:        It protects you from fire.
   rN:        It protects you from negative energy.
   Drain:     It drains your maximum health when unequipped.
 w - a +6 ring of dexterity
 D - an amulet of faith
 F - a ring of see invisible
 I - a +6 ring of dexterity (right hand)
 J - a ring of fire
Wands
 t - a wand of mindburst (11)
 z - a wand of charming (11)
Scrolls
 c - a scroll of butterflies
 e - 3 scrolls of revelation
 h - 2 scrolls of blinking
 i - 12 scrolls of teleportation
 l - 4 scrolls of fog {unknown}
 n - a scroll of brand weapon
 r - 6 scrolls of enchant weapon
 s - 3 scrolls of amnesia
 v - a scroll of summoning {unknown}
 y - a scroll of identify
 A - 2 scrolls of silence
Potions
 d - 2 potions of lignification
 f - 3 potions of curing {unknown}
 k - a potion of ambrosia
 B - a potion of invisibility {unknown}
 C - 2 potions of heal wounds {unknown}
 E - a potion of haste
 G - a potion of brilliance {unknown}


   Skills:
 + Level 4.8 Fighting
 * Level 11.4 Long Blades
 + Level 3.8 Armour
 + Level 2.0 Dodging
 + Level 2.4 Stealth
 * Level 5.6 Spellcasting
 * Level 2.6 Evocations


You had 20 spell levels left.
You didn't know any spells.
Your spell library contained the following spells:

 Spells                   Type           Power      Damage    Failure   Level
 Apportation              Tloc           6%         N/A       86%         1
 Sublimation of Blood     Necr           3%         N/A       94%         2
 Petrify                  Tmut/Erth      3%         N/A       100%        4
 Alistair's Intoxication  Tmut/Pois      2%         N/A       100%        5
 Irradiate                Conj/Tmut      1%         3d12      100%        5


Dungeon Overview and Level Annotations

Branches:
Dungeon (9/15)             Temple (0/1) D:7            Lair (0/5) D:8
    Orc (0/2) D:9         Ossuary (visited)

Altars:
Ashenzari
Elyvilon
Fedhas
Nemelex Xobeh
Qazlal
Ru
Vehumet

Shops:
D:2 :

Annotations:
D:6 2 transporters, randomguy2701's ghost, novice HOFi
D:8 3 runed translucent doors, Dittersdorf's ghost, novice GrFi


Innate Abilities, Weirdness & Mutations

You have razor-sharp teeth.
Your natural rate of healing is unusually fast.
When hurt, damage is shared between your health and your magic reserves.
Your bite disrupts and absorbs the magic of your enemies.
Potions cannot restore your health.
You have a pair of horns on your head.
You have razor-sharp toenails.
You are partially covered in iridescent scales. (AC +2)
You are agile. (Dex +4, Str/Int -1)
Your flesh is cold resistant. (rC+)
Your system is resistant to poisons. (rPois)
You are covered in fur. (AC +1)
You have hidden genetic potential.
You occasionally lose the ability to drink potions when taking damage.
You expend magic power (3 MP) to strengthen your wands.
Your movements are slightly less encumbered by armour. (ER -2)


Message History

G - an amethyst potion You are now a BORING thing. "Fight to survive, mortal."
You are now a very special plaything of Xom.
There are monsters nearby!
There are monsters nearby!
You slash the hellwing!
The hellwing is moderately wounded.
The hellwing hits you but does no damage.
The hellwing closely misses you. The crimson imp misses you.
The iron imp hits you but does no damage.
You hit the hellwing but do no damage.
The hellwing is poisoned.
You claw the hellwing, but do no damage.
Your bite misses the hellwing.
The hellwing is moderately wounded.
The sun demon hits you.
You are engulfed in flames!
The crimson imp blinks!
The hellwing hits you but does no damage.
The hellwing hits you! The sun demon hits you.
You are engulfed in flames!
You hit the hellwing. You headbutt the hellwing. Your bite misses the hellwing.
The hellwing is heavily wounded.
The iron imp hits you but does no damage.
The hellwing completely misses you.
The hellwing hits you but does no damage.
The sun demon hits you but does no damage.
The iron imp hits you!
You feel threatened and lose the ability to drink potions!
The iron imp hits you but does no damage.
You are too injured to fight recklessly!
Unknown command.
Unknown command.
You hit the hellwing but do no damage. You claw the hellwing.
Your headbutt misses the hellwing. You bite the hellwing. You drain its power.
The hellwing is severely wounded.
The sun demon hits you!
* * * LOW HITPOINT WARNING * * *
You are engulfed in flames!
* * * LOW HITPOINT WARNING * * *
The hellwing hits you.
You die... "I guess I need a new plaything now."

#### # .5# ...####4# #.
#.....5@#########
##.####..#..53...5....#
..........##.#######.#
# #.#..#..## #.#
####.#### #.#....#...
..# #.......#
#.#.......# ####
#..#.#..#
#....†###.######
#..#.#..#
#..†.........#
#..#.#..#
####.######.....#
####.#..#


You could see a sun demon (summoned), a hellwing (summoned, very poisoned), 3
iron imps and a crimson imp (summoned).

Vanquished Creatures
  Pikel (D:9)
  A deep elf pyromancer (D:9)
  A hornet (D:6)
  2 steam dragons
  2 wargs (D:8)
  3 orc warriors
  2 sky beasts
  2 black bears (D:6)
  An ice beast (D:6)
  2 ogres
  A centaur (D:8)
  A lemure (D:9)
  A kobold brigand (D:9)
  3 phantoms
  A gnoll sergeant (D:9)
  A bullfrog (D:6)
  6 wights
  8 killer bees
  3 howler monkeys
  A centaur zombie (Ossuary)
  3 jellies
  4 hounds
  5 orc priests
  2 human zombies (Ossuary)
  8 iguanas
  13 orc wizards
  2 hound zombies (Ossuary)
  3 mummies (Ossuary)
  6 gnolls
  6 adders
  A white imp (D:6)
  3 ufetubi
  2 adder zombies (Ossuary)
  4 worms
  40 orcs
  11 bats
  3 endoplasms
  A giant cockroach (D:2)
  A gnoll zombie (Ossuary)
  7 goblins
  7 hobgoblins
  5 jackals (D:1)
  4 quokkas
  4 ball pythons
  4 frilled lizards
  6 hobgoblin zombies (Ossuary)
  3 jackal zombies (Ossuary)
  12 kobolds
  A kobold zombie (Ossuary)
  3 orc zombies (Ossuary)
  6 quokka zombies (Ossuary)
  6 rats
  6 rat zombies
235 creatures vanquished.

Vanquished Creatures (collateral kills)
  A steam dragon (D:8)
  An orc warrior (D:8)
  An orc (D:8)
3 creatures vanquished.

Grand Total: 238 creatures vanquished

Notes
Turn   | Place    | Note
-------+----------+-------------------------------------------
     0 | D:1      | Xavori the Vine Stalker Chaos Knight began the quest for
                  | the Orb.
     0 | D:1      | Reached XP level 1. HP: 11/11 MP: 2/2
   103 | D:1      | Found a faded altar of an unknown god.
   159 | D:1      | Reached skill level 3 in Long Blades
   159 | D:1      | Reached XP level 2. HP: 16/16 MP: 1/3
   223 | D:1      | XOM: divination: magic mapping
   604 | D:1      | Reached XP level 3. HP: 18/19 MP: 1/4
   765 | D:1      | XOM: divination: detect creatures
   971 | D:1      | XOM: silly message
   996 | D:1      | XOM: scenery: summon butterflies
  1257 | D:1      | XOM: scenery: summon butterflies
  1436 | D:1      | XOM: divination: detect items
  1810 | D:1      | XOM: god gift: club {god gift}
  2047 | D:1      | XOM is BORED!
  2047 | D:1      | XOM: give mutation
  2047 | D:1      | Gained mutation: You have large cloven feet. [Xom's
                  | mischief]
  2162 | D:1      | XOM: divination: magic mapping
  2626 | D:1      | XOM: give mutations
  2626 | D:1      | Gained mutation: You have a pair of small horns on your
                  | head. [Xom's grace]
  2626 | D:1      | Gained mutation: You are covered in fur. (AC +1) [Xom's
                  | grace]
  2626 | D:1      | Gained mutation: You have a pair of horns on your head.
                  | [Xom's grace]
  2626 | D:1      | Gained mutation: You are partially covered in iridescent
                  | scales. (AC +2) [Xom's grace]
  2770 | D:1      | XOM: summons 2 hostile demons
  2910 | D:1      | Identified the +10 triple sword of Curov {venom, rPois
                  | SInv} (Xom gifted it to you on level 1 of the Dungeon)
  2910 | D:1      | XOM: god gift: +10 triple sword of Curov {venom, rPois
                  | SInv}
  3346 | D:2      | Reached skill level 1 in Spellcasting
  3346 | D:2      | Gained mutation: Your natural rate of healing is unusually
                  | fast. [Vine Stalker growth]
  3346 | D:2      | Reached XP level 4. HP: 24/24 MP: 6/6
  3411 | D:2      | Found Jyamivil's Book Boutique.
  3495 | D:2      | XOM: cloud trail
  3786 | D:3      | Reached skill level 4 in Long Blades
  3788 | D:3      | Reached XP level 5. HP: 28/28 MP: 6/8
  3812 | D:3      | Reached skill level 1 in Stealth
  3926 | D:3      | Found a sparkling altar of Nemelex Xobeh.
  3926 | D:3      | Found a broken altar of Ashenzari.
  3978 | D:3      | XOM: god gift: ring of magical power
  3996 | D:3      | XOM: divination: magic mapping
  3996 | D:3      | XOM: butterfly on damage
  4014 | D:3      | XOM: butterfly on damage
  4016 | D:3      | Reached skill level 1 in Dodging
  4098 | D:3      | Found The Oracle's Delphic Readings.
  4102 | D:3      | Bought 2 scrolls of teleportation for 66 gold pieces
  4167 | D:3      | Found Emokkeurch's Magic Scroll Boutique.
  4169 | D:3      | XOM: give mutations
  4169 | D:3      | Gained mutation: Your system is resistant to poisons.
                  | (rPois) [Xom's grace]
  4169 | D:3      | Gained mutation: You expend magic power (3 MP) to
                  | strengthen your wands. [Xom's grace]
  4308 | D:3      | XOM: smoke on damage
  4492 | D:4      | Reached XP level 6. HP: 32/32 MP: 9/9
  4503 | D:4      | Reached skill level 5 in Long Blades
  5115 | D:4      | XOM: give mutations
  5115 | D:4      | Gained mutation: Your mind is acute. (Int +4, Str/Dex -1)
                  | [Xom's grace]
  5115 | D:4      | Gained mutation: You are agile. (Dex +4, Str/Int -1) [Xom's
                  | grace]
  5178 | D:4      | XOM is BORED!
  5178 | D:4      | XOM: give mutations
  5178 | D:4      | Lost mutation: Your mind is acute. (Int +4, Str/Dex -1)
                  | [Xom's mischief]
  5178 | D:4      | Gained mutation: You occasionally lose the ability to drink
                  | potions when taking damage. [Xom's mischief]
  5440 | D:5      | Entered Level 5 of the Dungeon
  5450 | D:5      | Reached XP level 7. HP: 36/36 MP: 11/11
  5459 | D:5      | XOM: summons 1 hostile shadow creature
  5492 | D:5      | Reached skill level 6 in Long Blades
  5804 | D:5      | Identified the ring "Veffem" {Drain rF+ rN+ Int+4}
  5829 | D:5      | Identified the +6 short sword "Cookie Cutter" {venom,
                  | Int+3}
  5945 | D:5      | XOM: god gift: +1 storm dragon scales
  5979 | D:4      | XOM: silly message
  6026 | D:3      | Bought a scroll of blinking for 90 gold pieces
  6026 | D:3      | Bought a scroll of identify for 24 gold pieces
  6176 | D:6      | Found a sacrificial altar of Ru.
  6251 | D:6      | Found a radiant altar of Vehumet.
  6281 | D:6      | Reached skill level 7 in Long Blades
  6281 | D:6      | Gained mutation: You have razor-sharp teeth. [Vine Stalker
                  | growth]
  6281 | D:6      | Reached XP level 8. HP: 40/40 MP: 13/13
  6446 | D:6      | Noticed a queen bee
  6503 | D:6      | Found a transporter.
  6508 | D:6      | Found a transporter.
  6524 | D:6      | Noticed a hornet
  6525 | D:6      | Killed a hornet
  6526 | D:6      | Reached skill level 8 in Long Blades
  6533 | D:6      | XOM: blink monster(s)
  6567 | D:6      | Noticed randomguy2701's ghost (novice HOFi)
  6592 | D:6      | Reached XP level 9. HP: 45/45 MP: 16/16
  6867 | D:6      | Reached skill level 9 in Long Blades
  7111 | D:7      | Found a sand-covered staircase.
  7118 | Ossuary  | Entered an ossuary
  7373 | D:7      | Identified 3 scrolls of acquirement
  7376 | D:7      | Acquired 1129 gold pieces
  7416 | D:7      | Acquired 1323 gold pieces
  7418 | D:7      | Acquired 857 gold pieces
  7482 | D:7      | Found a blossoming altar of Fedhas.
  7612 | D:7      | Found a staircase to the Ecumenical Temple.
  7621 | D:7      | XOM: cast spell 'Death Channel'
  7703 | D:7      | XOM: give mutations
  7703 | D:7      | Gained mutation: You are robust. (+10% HP) [Xom's grace]
  7703 | D:7      | Gained mutation: You are somewhat resistant to further
                  | mutation. [Xom's grace]
  7703 | D:7      | Gained mutation: Your flesh is cold resistant. (rC+) [Xom's
                  | grace]
  7703 | D:7      | Lost mutation: You have large cloven feet. [Xom's grace]
  7703 | D:7      | Gained mutation: You have sharp toenails. [Xom's grace]
  7787 | D:7      | XOM: give mutations
  7787 | D:7      | Gained mutation: Your movements are slightly less
                  | encumbered by armour. (ER -2) [Xom's grace]
  7787 | D:7      | Gained mutation: You have razor-sharp toenails. [Xom's
                  | grace]
  7787 | D:7      | Lost mutation: You are somewhat resistant to further
                  | mutation. [Xom's grace]
  7787 | D:7      | Gained mutation: You have hidden genetic potential. [Xom's
                  | grace]
  7922 | D:3      | Bought a scroll of teleportation for 36 gold pieces
  7922 | D:3      | Bought a scroll of enchant weapon for 90 gold pieces
  7922 | D:3      | Bought a scroll of revelation for 90 gold pieces
  7922 | D:3      | Bought a scroll of teleportation for 36 gold pieces
  7922 | D:3      | Bought a scroll of immolation for 48 gold pieces
  7922 | D:3      | Bought a scroll of enchant weapon for 90 gold pieces
  7922 | D:3      | Bought a scroll of enchant weapon for 90 gold pieces
  7957 | D:3      | Bought a scroll of silence for 104 gold pieces
  7957 | D:3      | Bought a scroll of teleportation for 33 gold pieces
  7957 | D:3      | Bought a scroll of amnesia for 44 gold pieces
  7957 | D:3      | Bought a scroll of identify for 22 gold pieces
  7957 | D:3      | Bought a scroll of vulnerability for 44 gold pieces
  7957 | D:3      | Bought a book of Party Tricks for 176 gold pieces
  7957 | D:3      | Bought a book of Alchemy for 308 gold pieces
  8170 | D:8      | Found a runed translucent gate.
  8170 | D:8      | Found a runed translucent gate.
  8171 | D:8      | Found a runed translucent gate.
  8172 | D:8      | Noticed Dittersdorf's ghost (novice GrFi)
  8196 | D:8      | Reached skill level 10 in Long Blades
  8196 | D:8      | Reached skill level 1 in Evocations
  8225 | D:8      | Reached skill level 5 in Spellcasting
  8369 | D:8      | XOM: 1-stop teleportation journey
  8406 | D:8      | Found a staircase to the Lair.
  8410 | D:8      | Reached XP level 10. HP: 50/56 MP: 18/18
  8612 | D:8      | Found a stormy altar of Qazlal.
  8641 | D:8      | XOM: noise
  8758 | D:8      | XOM: 2-stop teleportation journey
  8894 | D:8      | XOM: give mutations
  8894 | D:8      | Lost mutation: You are robust. (+10% HP) [Xom's mischief]
  8894 | D:8      | Lost mutation: You expend magic power (3 MP) to strengthen
                  | your wands. [Xom's mischief]
  8941 | D:9      | Noticed Pikel
  8945 | D:9      | XOM: enchant monster (bad)
  8947 | D:9      | Killed Pikel
  8948 | D:9      | Reached skill level 11 in Long Blades
  8971 | D:9      | Gained mutation: You expend magic power (3 MP) to
                  | strengthen your wands. [hidden potential]
  9206 | D:9      | Noticed a deep elf pyromancer
  9213 | D:9      | XOM: chaos upgrade
  9214 | D:9      | Killed a deep elf pyromancer
  9248 | D:9      | Found a staircase to the Orcish Mines.
  9275 | D:9      | XOM: summons 6 hostile demons
  9276 | D:9      | Noticed a smoke demon
  9276 | D:9      | Noticed a sun demon
  9276 | D:9      | Noticed a rust devil
  9358 | D:9      | XOM: noise
  9435 | D:9      | Found a white marble altar of Elyvilon.
  9471 | D:9      | XOM is BORED!
  9471 | D:9      | XOM: summons 6 hostile demons
  9472 | D:9      | Noticed a sun demon
  9475 | D:9      | HP: 2/51 [sun demon[Xom] (11)]
  9475 | D:9      | Slain by a hellwing

Illustrated notes

Levels and vault maps discovered:
D:1:      amcnicky_arrival_blooded_trapdoor, layout_loops_cross,
          nicolae_ecumenical_lake_church
D:2:      layout_loops_corners, serial_bayou, serial_bayou_lake_a,
          serial_bayou_shore_a, serial_bayou_crossing, serial_bayou_pond_e,
          serial_shops, shop
D:3:      layout_rooms, gammafunk_temple_overflow_elements, serial_shops, shop,
          nicolae_nh_oracle_at_delphi
D:4:      layout_layer_cave, kennysheep_generic_room_12
D:5:      layout_cave_pools, kennysheep_minor_cross
D:6:      layout_loops_ring, mainiacjoe_overflow_surrounded_room,
          nicolae_ru_the_path_less_chosen, gammafunk_ghost_hive,
          kennysheep_generic_room_14
D:7:      layout_basic, fedhas_ov_isle_minmay, minmay_temple_entry_large_hall,
          enter_ossuary_4
D:8:      layout_gridville, grunt_qazlal_sundering, erik_lair_orcish_takeover,
          ebering_ghost_rock_garden
D:9:      layout_loops_cross, minitemple, nicolae_elyvilon_temple_path,
          hiddenorc1_lemuel, uniq_pikel, uniq_erica

Skill      XL: |  1  2  3  4  5  6  7  8  9 10 |
---------------+-------------------------------+-----
Long Blades    | 3 4 5 7 8 10 11 | 11.4
Fighting       | 3 4 |  4.8
Spellcasting   | 1 2 3 4 5 |  5.6
Stealth        | 1 2 |  2.4
Dodging        | 1 2 |  2.0
Armour         | 2 3 |  3.8
Evocations     | 1 2 |  2.6

Action                     |  1- 3 |  4- 6 |  7- 9 | 10-12 || total
---------------------------+-------+-------+-------+-------++-------
  Melee: Falchion          |    54 |       |       |       ||    54
         Bite              |     3 |    12 |    42 |    28 ||    85
         Triple sword      |    16 |    68 |   170 |   103 ||   357
         Kick              |       |     8 |    44 |    37 ||    89
         Headbutt          |       |     6 |    23 |    22 ||    51
    Use: Scroll            |       |     1 |     7 |     2 ||    10
   Stab: Sleeping          |     2 |     1 |       |       ||     3
 Armour: Leather armour    |    31 |    34 |     5 |       ||    70
         Storm dragon scal |       |       |   122 |    92 ||   214
  Dodge: Dodged            |    55 |    55 |    69 |    73 ||   252

Table legend: (Time is in decaauts)
 A = Elapsed time spent in this place.
 B = Non-inter-level travel time spent in this place.
 C = Inter-level travel time spent in this place.
 D = Time resting spent in this place.
 E = Time spent auto-exploring this place.
 F = Levels seen in this place.
 G = Mean time per level.
                   A        B        C        D        E       F      G
               +--------+--------+--------+--------+--------+-----+--------+
         Total |   9668 |   8985 |    683 |   2122 |   5608 |  10 |  966.8 |
       Dungeon |   9397 |   8714 |    683 |   2122 |   5456 |   9 | 1044.1 |
       Ossuary |    271 |    271 |      0 |      0 |    152 |   1 |  271.0 |
               +--------+--------+--------+--------+--------+-----+--------+

Top non-repeatable levels by time:
     D:1: 2814 daAuts
     D:4: 1125 daAuts
     D:2: 1062 daAuts
     D:6: 969 daAuts
     D:3: 849 daAuts
     D:8: 808 daAuts
     D:7: 619 daAuts
     D:5: 595 daAuts
     D:9: 553 daAuts
 Ossuary: 271 daAuts
